AoeStats
← jona_arratia

Arabian Desert

508493498Analyzed
1v1 RM · 11d ago on Sep 22, 2026· 25m 37s· 2 players
Game mode
Random Map
Map size
Tiny (2 player)
Population
200
Speed
Normal
Resources
Standard
Victory
Conquest
Starting age
Dark Age
Ending age
Imperial Age
RankedLock teamsTeams togetherTeam positionsShared explorationLock speedFull tech treeHidden civsTurbo modeCheats
Victory
Defeat
🇬🇧 Portuguese · United Kingdom
637
+18
🇨🇱 Malay · Chile
676
-33
roguestar99
2:41 Loom
12:19 Feudal Age
15:13 Horse Collar
16:48 Fletching
17:00 Double-Bit Axe
18:07 Padded Archer Armor
20:44 Gold Mining
jona_arratia
13:14 Feudal Age
11:30 Loom
14:26 Wheelbarrow
17:35 Double-Bit Axe
24:15 Castle Age
22:41 Gold Mining
Connection lost

Rejoining the realm…

Still unreachable

The connection could not be restored.

Session expired

The server has moved on; the page needs a fresh start.